 Dungeon Crawl Stone Soup version 0.25.0-33-gff14898491 (webtiles) character file.

Game seed: 8999504000131035885

67 MisterFreud the Chiller (level 4, 0/35 HPs)
             Began as a Demonspawn Ice Elementalist on July 6, 2020.
             Slain by a bullfrog zombie (2 damage)
             ... on level 6 of the Dungeon.
             The game lasted 00:04:23 (1915 turns).

MisterFreud the Chiller (DsIE)                      Turns: 1915, Time: 00:04:23

Health: 0/35       AC:  5    Str:  9    XL:     4   Next: 0%
Magic:  6/7        EV: 12    Int: 17    God:
Gold:   89         SH:  0    Dex: 13    Spells: 3/7 levels left

rFire    . . .     SeeInvis +   o - +1 dagger (vamp)
rCold    . . .     Gourm    .   (no shield)
rNeg     . . .     Faith    .   a - +0 robe
rPois    .         Spirit   .   f - +1 helmet {SInv}
rElec    .         Reflect  .   k - +0 cloak
rCorr    .         Harm     .   (no gloves)
MR       .....                  (no boots)
Stlth    +++.......             (no amulet)
HPRegen  0.11/turn              u - ring of stealth
MPRegen  0.10/turn              (no ring)

@: no status effects
A: claws 1, powered by pain 1
a: no special abilities


You were on level 6 of the Dungeon.
You were hungry.

You visited 1 branch of the dungeon, and saw 4 of its levels.

You collected 89 gold pieces.

Inventory:

Hand Weapons
 d - a +0 dagger
 o - a +1 vampiric dagger (weapon)
Armour
 a - a +0 robe (worn)
 f - a +1 helmet of see invisible (worn)
 k - a +0 cloak (worn)
Jewellery
 u - a ring of stealth (left claw)
Scrolls
 b - 3 scrolls of identify {unknown}
 h - 3 scrolls of magic mapping {unknown}
 i - 2 scrolls of blinking {unknown}
 l - a scroll of immolation {unknown}
 q - a scroll of amnesia {unknown}
 r - a scroll of remove curse {unknown}
 s - a scroll of enchant weapon {unknown}
 t - a scroll of fear {unknown}
 v - a scroll of fog {unknown}
Potions
 e - a potion of berserk rage {unknown}
 g - a potion of resistance {unknown}
 j - 2 potions of heal wounds {unknown}
 m - 2 potions of stabbing {unknown}
 n - a potion of flight {unknown}
 p - a potion of might {unknown}
Comestibles
 c - 4 rations


   Skills:
 - Level 3.0 Fighting
 - Level 1.7 Dodging
 - Level 1.7 Stealth
 + Level 2.3 Spellcasting
 + Level 3.9 Ice Magic


You had 3 spell levels left.
You knew the following spells:

 Your Spells              Type           Power        Failure   Level  Hunger
a - Freeze                Ice            ###.         3%          1    #......
b - Frozen Ramparts       Ice            ###...       12%         3    ###....

Your spell library contained the following spells:

 Spells                   Type           Power        Failure   Level  Hunger
 Ozocubu's Armour         Chrm/Ice       #.......     26%         3    ###....
 Hailstorm                Conj/Ice       #.......     63%         4    #####..
 Summon Ice Beast         Ice/Summ       #.......     63%         4    #####..


Dungeon Overview and Level Annotations

Branches:
Dungeon (3/15)

Altars:
Cheibriados
Wu Jian


Innate Abilities, Weirdness & Mutations

You have sharp fingernails.
You sometimes gain a little power by taking damage.


Message History

The bullfrog zombie completely misses you.
You hit the bullfrog zombie.
The bullfrog zombie is almost destroyed.
The bullfrog zombie hits you.
* * * LOW HITPOINT WARNING * * *
You hit the bullfrog zombie.
The bullfrog zombie is almost destroyed.
The bullfrog zombie barely misses you.
You barely miss the bullfrog zombie.
The bullfrog zombie is almost destroyed.
The bullfrog zombie hits you.
* * * LOW HITPOINT WARNING * * *
The bullfrog zombie hits you but does no damage.
You barely miss the bullfrog zombie.
The bullfrog zombie is almost destroyed.
The bullfrog zombie closely misses you.
You completely miss the bullfrog zombie.
The bullfrog zombie is almost destroyed.
The bullfrog zombie hits you.
You die...

.# .## ..###
.... ##..#
####..# #..#.#
#.Z## ####@#
..
#....#####.#
###.....#..#
##........
#..##.....
#.....#...
##.....[...
###....##....#
#.....## ...##


You could see a bullfrog zombie.

Vanquished Creatures
  3 adders (D:2)
  An ooze (D:2)
  A worm (D:2)
  3 dart slugs (D:1)
  A giant cockroach (D:1)
  2 goblins (D:2)
  4 hobgoblins (D:1)
  7 bats
  3 frilled lizards
  3 kobolds (D:1)
  2 rats
30 creatures vanquished.

Notes
Turn   | Place    | Note
-------+----------+-------------------------------------------
     0 | D:1      | MisterFreud the Demonspawn Ice Elementalist began the quest
                  | for the Orb.
     0 | D:1      | Reached XP level 1. HP: 13/13 MP: 3/3
   142 | D:1      | Reached skill level 1 in Fighting
   298 | D:1      | Gained mutation: You have sharp fingernails. [demonic
                  | ancestry]
   298 | D:1      | Reached XP level 2. HP: 22/22 MP: 5/5
  1052 | D:2      | Reached XP level 3. HP: 28/28 MP: 3/6
  1239 | D:2      | Learned a level 3 spell: Frozen Ramparts
  1500 | D:2      | Found an ornate altar of the Wu Jian Council.
  1538 | D:2      | Gained mutation: You sometimes gain a little power by
                  | taking damage. [demonic ancestry]
  1538 | D:2      | Reached XP level 4. HP: 35/35 MP: 3/7
  1764 | D:3      | You fall into a shaft and drop 3 floors!
  1838 | D:6      | Found a snail-covered altar of Cheibriados.
  1915 | D:6      | Slain by a bullfrog zombie

Illustrated notes

Levels and vault maps discovered:
D:1:      minmay_arrival_loop, layout_loops_ring, serial_park_tiny_2
D:2:      layout_rooms, nicolae_overflow_hidden_temple, lemuel_statue_altar
D:3:      layout_basic, xom_teletrap_fun, first_ration
D:6:      layout_layer_cave, serial_shops, shop, basic_altar

Skill      XL: |  1  2  3 |
---------------+----------+-----
Fighting       | 1 2 3 |  3.0
Dodging        | |  1.7
Stealth        | |  1.7
Spellcasting   | |  2.3
Ice Magic      | |  3.9

Action                   |  1- 3 |  4- 6 || total
-------------------------+-------+-------++-------
Melee: Dagger            |    36 |    19 ||    55
 Cast: Freeze            |    36 |     1 ||    37
       Frozen Ramparts   |     2 |     1 ||     3
 Stab: Sleeping          |     5 |       ||     5
  Eat: Chunk             |     3 |       ||     3
Armor: Robe              |    27 |     2 ||    29
Dodge: Dodged            |    38 |    12 ||    50
